 Dungeon Crawl Stone Soup version 0.23.1 (webtiles) character file.

Game seed: 15082073451203196848

264 Borgoz the Cutter (level 6, 0/47 HPs)
             Began as a Ghoul Enchanter on Mar 14, 2019.
             Slain by a sky beast (2 damage)
             ... on level 8 of the Dungeon.
             The game lasted 00:08:46 (3689 turns).

Borgoz the Cutter (Ghoul Enchanter)                 Turns: 3689, Time: 00:08:47

Health: 0/47       AC:  6    Str: 12    XL:     6   Next: 19%
Magic:  3/7        EV: 11    Int: 15    God:
Gold:   98         SH:  0    Dex: 11    Spells: 5/8 levels left

rFire    . . .     SeeInvis .   a - +1 dagger
rCold    + . .     Gourm    .   (no shield)
rNeg     + + +     Faith    .   t - +0 ring mail
rPois    ∞         Spirit   .   (no helmet)
rElec    .         Reflect  .   (no cloak)
rCorr    .         Harm     .   p - +0 pair of gloves
MR       .....                  (no boots)
Stlth    ++........             (no amulet)
HPRegen  0.00/turn              (no ring)
MPRegen  0.10/turn              (no ring)

@: brilliant, rotting
A: rotting body, claws 1, carnivore, cold resistance 1, negative energy
resistance 3, inhibited regeneration, torment resistance, unbreathing
a: no special abilities


You were on level 8 of the Dungeon.
You were not hungry.

You visited 1 branch of the dungeon, and saw 6 of its levels.

You collected 98 gold pieces.

Inventory:

Hand Weapons
 a - a +1 dagger (weapon)
 b - a +0 blowgun
Missiles
 n - 21 poisoned needles
Armour
 p - a +0 pair of gloves (worn)
 t - a +0 ring mail (worn)
Scrolls
 c - a scroll of amnesia {unknown}
 e - a scroll of remove curse {unknown}
 g - a scroll of immolation {unknown}
 i - a scroll of enchant weapon {unknown}
 j - 3 scrolls of enchant armour {unknown}
 l - a scroll of fog {unknown}
 m - a scroll of fear {unknown}
 o - 2 scrolls of teleportation
 r - 4 scrolls of identify {unknown}
 s - 2 scrolls of magic mapping {unknown}
Comestibles
 d - 6 rations


   Skills:
 + Level 1.1 Fighting
 * Level 3.8 Short Blades
 + Level 2.3 Armour
 + Level 3.1 Dodging
 - Level 3.2 Stealth
 - Level 1.7 Spellcasting
 - Level 2.4 Hexes


You had 5 spell levels left.
You knew the following spells:

 Your Spells              Type           Power        Failure   Level  Hunger
a - Corona                Hex            ###....      2%          1    ##.....
b - Ensorcelled Hibernat  Hex/Ice        ##....       5%          2    ###....

Your spell library contained the following spells:

 Spells                   Type           Power        Failure   Level  Hunger
 Confuse                  Hex            ###.....     7%          3    ####...
 Tukima's Dance           Hex            ###.....     7%          3    ####...
 Dazzling Spray           Conj/Hex       ##....       11%         3    ####...


Dungeon Overview and Level Annotations

Branches:
Dungeon (5/15)
 Temple: D:4-7

Altars:
Ru
Zin


Innate Abilities, Weirdness & Mutations

Your body is rotting away.
You thrive on raw meat.
You are immune to poison.
You have sharp fingernails.
You are carnivorous and can eat meat at any time.
Your flesh is cold resistant. (rC+)
You are immune to negative energy. (rN+++)
You do not regenerate when monsters are visible.
You are immune to unholy pain and torment.
You can survive without breathing.


Message History

Your ring mail prevents you from hitting the sky beast.
The sky beast is almost dead.
The hound zombie barely misses you. The sky beast hits you.
* * * LOW HITPOINT WARNING * * *
The sky beast shocks you.
* * * LOW HITPOINT WARNING * * *
You barely miss the hound zombie.
The hound zombie is moderately damaged.
The hound zombie bites you but does no damage.
You hit the hound zombie.
The hound zombie is moderately damaged.
The sky beast flickers out of sight!
Deactivating autopickup; reactivate with Ctrl-A.
Something hits you but does no damage.
The hound zombie bites you but does no damage.
You aren't carrying any potions.
Okay, then.
You hit something but do no damage. The hound zombie completely misses you.
Something hits you.
You die...

..# #. ..# #.. ..# #
. ####.. ..###.# ..
..... ......#
...##..## ###...###
#......###.......#
#...{#..........
#..@Z..#......#.
.....#.##.........#
.#.......:..........
.........#...#.......
..######...#.#.......
#.##..####.... .# .##
##. #.# . .#


You could see a hound zombie.

Vanquished Creatures
  A hound (D:5)
  Jessica (D:2)
  Terence (D:3)
  8 gnolls
  4 adders
  An ooze (D:2)
  2 worms (D:2)
  3 leopard geckos
  An orc (D:3)
  2 ball pythons
  A giant cockroach (D:3)
  9 goblins
  7 hobgoblins
  9 kobolds
  A quokka (D:3)
  A ball python skeleton (D:4)
  4 bats
  3 frilled lizards
  A quokka skeleton (D:3)
  7 rats
67 creatures vanquished.

Notes
Turn   | Place    | Note
-------+----------+-------------------------------------------
     0 | D:1      | Borgoz the Ghoul Enchanter began the quest for the Orb.
     0 | D:1      | Reached XP level 1. HP: 14/14 MP: 2/2
    17 | D:1      | Reached skill level 1 in Short Blades
   174 | D:1      | Reached XP level 2. HP: 9/20 MP: 3/3
   911 | D:2      | Learned a level 2 spell: Ensorcelled Hibernation
   996 | D:2      | Reached skill level 1 in Armour
   996 | D:2      | Reached XP level 3. HP: 12/26 MP: 4/4
  1310 | D:2      | Noticed Jessica
  1363 | D:2      | Reached XP level 4. HP: 25/33 MP: 0/5
  1374 | D:2      | Killed Jessica
  1613 | D:2      | Found a sacrificial altar of Ru.
  2233 | D:2      | Found a glowing silver altar of Zin.
  2472 | D:2      | Reached XP level 5. HP: 24/34 MP: 0/6
  2652 | D:3      | Noticed Terence
  2665 | D:3      | Killed Terence
  3233 | D:3      | Reached XP level 6. HP: 37/46 MP: 7/7
  3452 | D:5      | Entered Level 5 of the Dungeon
  3581 | D:5      | Reached skill level 1 in Fighting
  3591 | D:5      | Noticed an ice beast
  3601 | D:5      | You fall through a shaft for 3 floors!
  3658 | D:8      | Noticed a sky beast
  3686 | D:8      | HP: 2/47 [sky beast (6)]
  3689 | D:8      | Slain by a sky beast

Skill      XL: |  1  2  3  4  5  6 |
---------------+-------------------+-----
Short Blades   | 1 2 3 |  3.8
Dodging        | 2 3 |  3.1
Armour         | 1 2 |  2.3
Fighting       | 1 |  1.1
Stealth        | |  3.2
Spellcasting   | |  1.7
Hexes          | |  2.4

Action                   |  1- 3 |  4- 6 || total
-------------------------+-------+-------++-------
Melee: Dagger            |   159 |   244 ||   403
 Cast: Ensorcelled Hiber |     2 |    13 ||    15
  Use: Potion            |     6 |     7 ||    13
       Scroll            |     1 |     2 ||     3
 Stab: Sleeping          |     4 |     7 ||    11
       Distracted        |       |     1 ||     1
       Invisible         |       |     1 ||     1
  Eat: Chunk             |     5 |    16 ||    21
Armor: Robe              |    32 |    13 ||    45
       Ring mail         |       |    64 ||    64
Dodge: Dodged            |   110 |   118 ||   228
